 Dungeon Crawl Stone Soup version 0.14-a0-50-gc6ee670 (webtiles) character file.

839 Kae the Chiller (level 7, -1/46 HPs)
             Began as a Demonspawn Ice Elementalist on Sept 29, 2013.
             Was a Believer of Vehumet.
             Slain by a centaur (9 damage)
             ... on Level 5 of the Dungeon.
             The game lasted 00:09:52 (4143 turns).

Kae the Chiller (Demonspawn Ice Elementalist)       Turns: 4143, Time: 00:09:52

HP  -1/46        AC  3     Str  9      XL: 7   Next: 10%
MP  10/15        EV 17     Int 18      God: Vehumet [**....]
Gold 277         SH  0     Dex 18      Spells:  2 memorised,  9 levels left

Res.Fire  : . . .   See Invis. : .   (no weapon)
Res.Cold  : . . .   Warding    : .   a - +0 robe
Life Prot.: . . .   Conserve   : .   (no shield)
Res.Poison: .       Res.Corr.  : .   (no helmet)
Res.Elec. : .       Clarity    : .   j - +0 elf cloak
Sust.Abil.: . .     Spirit.Shd : .   (no gloves)
Res.Mut.  : .       Stasis     : .   (no boots)
Res.Rott. : .       Flight     : .   (no amulet)
Saprovore : . . .                    (no ring)
                                     (no ring)

@: agile, very slightly contaminated, slightly resistant to hostile
enchantments, quite stealthy
A: claws 2, hooves 2
a: Renounce Religion


You were on level 5 of the Dungeon.
You worshipped Vehumet.
Vehumet was pleased with you.
You were hungry.

You visited 1 branch of the dungeon, and saw 5 of its levels.

You collected 257 gold pieces.

Inventory:

Hand weapons
 g - a +2,+0 elven dagger
Missiles
 r - 52 darts (quivered)
Armour
 a - a +0 robe (worn)
 j - a +0 elven cloak (worn)
Magical devices
 s - a wand of flame (7)
 B - a wand of random effects (8)
Comestibles
 c - 11 bread rations
 d - 3 meat rations
 z - an apple
Scrolls
 e - 10 scrolls of identify {unknown}
 f - a scroll of enchant armour {unknown}
 i - 3 scrolls of fear {unknown}
 k - a scroll of random uselessness {unknown}
 l - 4 scrolls of teleportation {unknown}
 m - 5 scrolls of remove curse {unknown}
 o - a scroll of blinking {unknown}
 q - a scroll of curse weapon {unknown}
 t - 2 scrolls of magic mapping {unknown}
 w - 3 scrolls of curse armour {unknown}
 y - 3 scrolls of amnesia {unknown}
Jewellery
 u - an uncursed ring of magical power {unknown}
Potions
 n - a potion of cure mutation
 p - a potion of might
 v - a potion of slowing {unknown}
 A - a potion of heal wounds {unknown}
 D - a potion of blood {unknown}
 E - a potion of brilliance {unknown}
Books
 b - a book of Frost

   Spells                             Type                      Level
   *Freeze                            Ice                          1
   *Throw Frost                       Conjuration/Ice              2
   Ozocubu's Armour                   Charms/Ice                   3
   Throw Icicle                       Conjuration/Ice              4
   Summon Ice Beast                   Ice/Summoning                4
   Condensation Shield                Ice                          4


   Skills:
 - Level 1.7 Dodging
 - Level 1.7 Stealth
 + Level 3.4 Spellcasting
 * Level 4.1 Conjurations
 * Level 5.3 Ice Magic


You had 9 spell levels left.
You knew the following spells:

 Your Spells              Type           Power        Failure   Level  Hunger
a - Freeze                Ice            ###.         1%          1    None
b - Throw Frost           Conj/Ice       ###...       3%          2    ##.....


Dungeon Overview and Level Annotations

Branches:
Dungeon (5/27)
 Temple: D:4-7

Altars:
Nemelex Xobeh
Vehumet

Annotations:
D:3 Sigmund


Innate Abilities, Weirdness & Mutations

You have very sharp fingernails.
You have hoof-like feet.


Message History

* * * LOW HITPOINT WARNING * * *
The centaur hits you.
* * * LOW HITPOINT WARNING * * *
Casting: Freeze
Confirm with . or Enter, or press ? or * to list all spells.
Aiming: Freeze
Press: ? - help, Shift-Dir - straight line, f/p - centaur
Aim: a centaur (moderately wounded)
You freeze the centaur.
The centaur is heavily wounded.
The centaur barely misses you.
Casting: Freeze
Confirm with . or Enter, or press ? or * to list all spells.
Aiming: Freeze
Press: ? - help, Shift-Dir - straight line, f/p - centaur
Aim: a centaur (heavily wounded)
You freeze the centaur.
The centaur is severely wounded.
The centaur closely misses you. The centaur hits you!
You die...

......#
#.###.###.#.#
......# #.....#
#.#.# .....)#
#.###.###.#.#
##.####
#.§....c..#.#######
#.#
#.###.....§........
#.# #.#
#######.######. ...
#.# .# .#.
#.#########.# # #
#.c@........#
#.########### #.#
#.# #.. ###


You could see a centaur.

Vanquished Creatures
  The ghost of Kae the Cutter, an average HESk (D:4)
  A centaur (D:4)
  2 orc priests (D:4)
  3 orc wizards
  A water moccasin skeleton (D:4)
  A scorpion (D:4)
  An ogre skeleton (D:4)
  3 adders
  4 gnolls (D:3)
  A giant mite (D:4)
  A giant eyeball (D:4)
  A giant gecko (D:2)
  10 orcs
  A ball python (D:4)
  A bat zombie (D:5)
  4 giant cockroaches
  6 goblins
  7 hobgoblins
  A jackal (D:4)
  5 kobolds
  9 bats
  6 giant newts
  A hobgoblin skeleton (D:4)
  A jackal skeleton (D:4)
  10 rats
82 creatures vanquished.

Vanquished Creatures (others)
  2 adders (D:2)
2 creatures vanquished.

Grand Total: 84 creatures vanquished

Notes
Turn   | Place    | Note
--------------------------------------------------------------
     0 | D:1      | Kae, the Demonspawn Ice Elementalist, began the quest for the Orb.
     0 | D:1      | Reached XP level 1. HP: 13/13 MP: 3/3
   412 | D:1      | Gained mutation: You have sharp fingernails. [demonic ancestry]
   412 | D:1      | Reached XP level 2. HP: 19/19 MP: 2/4
   482 | D:1      | Reached skill level 3 in Ice Magic
   931 | D:2      | Found a radiant altar of Vehumet.
   958 | D:2      | Became a worshipper of Vehumet
  1150 | D:2      | Gained mutation: You have large cloven feet. [demonic ancestry]
  1150 | D:2      | Reached XP level 3. HP: 21/24 MP: 2/6
  1278 | D:2      | Found a sparkling altar of Nemelex Xobeh.
  1545 | D:3      | Learned a level 2 spell: Throw Frost
  1559 | D:3      | Reached XP level 4. HP: 11/30 MP: 1/8
  2175 | D:3      | Noticed Sigmund
  2271 | D:3      | Reached skill level 4 in Ice Magic
  2422 | D:3      | Acquired Vehumet's first power
  2422 | D:3      | Offered knowledge of Sandblast by Vehumet.
  2578 | D:4      | Gained mutation: You have hoof-like feet. [demonic ancestry]
  2578 | D:4      | Reached XP level 5. HP: 31/35 MP: 1/10
  2795 | D:4      | Noticed Kae's ghost (average HESk)
  2837 | D:4      | Killed Kae's ghost
  2837 | D:4      | Reached XP level 6. HP: 25/41 MP: 2/12
  3296 | D:4      | Paralysed by a giant eyeball for 3 turns
  3322 | D:4      | Reached skill level 5 in Ice Magic
  3398 | D:4      | Noticed a centaur
  3404 | D:4      | Killed a centaur
  3585 | D:4      | Gained mutation: You have very sharp fingernails. [demonic ancestry]
  3585 | D:4      | Reached XP level 7. HP: 29/46 MP: 15/15
  3919 | D:5      | Entered Level 5 of the Dungeon
  4080 | D:5      | Offered knowledge of Shock by Vehumet.
  4143 | D:5      | Slain by a centaur

Action                   |  1- 3 |  4- 6 |  7- 9 || total
-------------------------+-------+-------+-------++-------
Melee: Dagger            |    52 |    62 |     5 ||   119
       Unarmed           |     8 |       |     6 ||    14
 Cast: Freeze            |    40 |    70 |     9 ||   119
       Throw Frost       |       |     7 |       ||     7
Evoke: Wand              |       |     8 |       ||     8
  Use: Potion            |       |     8 |     1 ||     9
 Stab: Sleeping          |       |     1 |       ||     1
